 Dungeon Crawl Stone Soup version 0.30.1-11-g7821555f0a (webtiles) character file.

Game seed: 5291942331750153725

4675 PaiMei the Scholar of Death (level 10, -14/77 HPs)
             Began as a Demonspawn Necromancer on Jan 10, 2024.
             Was a Follower of Kikubaaqudgha.
             Demolished by a white ugly thing (21 damage)
             ... on level 9 of the Dungeon.
             The game lasted 00:12:30 (12130 turns).

PaiMei the Scholar of Death (DsNe)                 Turns: 12130, Time: 00:12:31

Health: -14/77     AC:  9    Str:  8    XL:     10   Next: 21%
Magic:  15/20      EV: 20    Int: 21    God:    Kikubaaqudgha [*.....]
Gold:   332        SH:  5    Dex: 14    Spells: 19/23 levels left

rFire   . . .        e - +2 short sword (elec)
rCold   . . .        (no shield)
rNeg    . . .        G - +0 steam dragon scales
rPois   .            (no helmet)
rElec   .            (no cloak)
rCorr   .            h - +0 pair of gloves
SInv    .            (no boots)
Will    .....        y - amulet of reflection
Stlth   ++           (no ring)
HPRegen 0.32/turn    (no ring)
MPRegen 0.17/turn

%: reflection
@: agile
A: yellow scales 2, powered by pain 1, demonic touch 1
a: Renounce Religion, Unearth Wretches


You were on level 9 of the Dungeon.
You worshipped Kikubaaqudgha.
Kikubaaqudgha was aware of your devotion.
You visited 2 branches of the dungeon, and saw 10 of its levels.

You collected 416 gold pieces.
You spent 84 gold pieces at shops.

Inventory:

Hand Weapons
 c - a +3 dagger
 e - a +2 short sword of electrocution (weapon)
 t - the +1 dagger of Excruciating Pain {protect, Dex+2 Stlth+}
   (You found it on level 3 of the Dungeon)

   Dex:       It affects your dexterity (+2).
   Stlth:     It makes you more stealthy.
 E - a +1 trident of venom
 H - a +1 sling of flaming
Missiles
 k - 27 poisoned darts (quivered)
 s - 2 atropa-tipped darts
 D - 6 curare-tipped darts
Armour
 h - a +0 pair of gloves (worn)
 G - +0 steam dragon scales (worn)
Jewellery
 y - an amulet of reflection (around neck)
 I - a ring of magical power
Wands
 a - a wand of polymorph (7)
 K - a wand of mindburst (7)
Scrolls
 d - 7 scrolls of identify
 f - 2 scrolls of poison {unknown}
 g - a scroll of magic mapping {unknown}
 j - 3 scrolls of teleportation {unknown}
 o - a scroll of blinking {unknown}
 v - a scroll of enchant weapon {unknown}
 w - 3 scrolls of fog
 x - 2 scrolls of noise {unknown}
 z - 2 scrolls of butterflies {unknown}
 B - 2 scrolls of fear {unknown}
 C - 3 scrolls of vulnerability {unknown}
 F - a scroll of immolation {unknown}
 J - a scroll of brand weapon {unknown}
 L - a scroll of amnesia {unknown}
Potions
 b - a potion of magic
 i - 5 potions of mutation {unknown}
 l - a potion of degeneration {unknown}
 m - 5 potions of curing
 n - 2 potions of brilliance {unknown}
 p - a potion of flight {unknown}
 q - 2 potions of attraction {unknown}
 r - 4 potions of lignification {unknown}
 u - a potion of ambrosia {unknown}
 A - a potion of heal wounds {unknown}


   Skills:
 + Level 6.7 Fighting
 + Level 7.0 Dodging
 - Level 3.5 Stealth
 + Level 7.2 Spellcasting
 + Level 9.4 Necromancy


You had 19 spell levels left.
You knew the following spells:

 Your Spells              Type           Power      Damage    Failure   Level
a - Necrotise             Necr           100%       1d9       1%          1
b - Vampiric Draining     Necr           47%        2d9       1%          3

Your spell library contained the following spells:

 Spells                   Type           Power      Damage    Failure   Level
 Kiss of Death            Conj/Necr      100%       2d13      1%          1
 Sublimation of Blood     Necr           47%        N/A       1%          2
 Animate Dead             Necr           47%        N/A       1%          4
 Cigotuvi's Dreadful Rot  Necr/Pois/Air  40%        N/A       3%          2
 Agony                    Necr           47%        N/A       4%          5
 Beastly Appendage        Tmut           14%        N/A       9%          1
 Magic Dart               Conj           28%        1d4       9%          1
 Sting                    Tmut/Pois      28%        1d4       9%          1
 Call Imp                 Summ           14%        N/A       13%         2
 Poisonous Vapours        Pois/Air       14%        N/A       13%         2
 Searing Ray              Conj           14%        2d5       13%         2
 Static Discharge         Conj/Air       14%        2-3/arc   13%         2
 Mephitic Cloud           Conj/Pois/Air  7%         N/A       26%         3
 Airstrike                Air            3%         2d(1-17)  65%         4
 Fulminant Prism          Conj/Hex       3%         3d5       65%         4
 Olgreb's Toxic Radiance  Pois           7%         N/A       65%         4
 Summon Lightning Spire   Summ/Air       7%         N/A       65%         4
 Iskenderun's Battlesphe  Conj           7%         2d6       94%         5
 Iron Shot                Conj/Erth      3%         9d2       100%        6
 Spellforged Servitor     Conj/Summ      3%         N/A       100%        7


Dungeon Overview and Level Annotations

Branches:
Dungeon (9/15)             Temple (1/1) D:7            Lair (0/5) D:8
    Orc: D:9-12

Altars:
Ashenzari
Cheibriados
Dithmenos
Fedhas
Gozag
Hepliaklqana
Kikubaaqudgha
Makhleb
Nemelex Xobeh
Okawaru
Qazlal
Ru
Sif Muna
Trog
Uskayaw
Vehumet
Wu Jian
Xom

Shops:
D:5 ?   D:9 *

Annotations:
D:8 2 runed translucent doors


Innate Abilities, Weirdness & Mutations

You are mostly covered in yellow scales. (AC +3)
You sometimes gain a little power by taking damage.
Your touch may inflict minor irresistible damage on your foes.


Message History

Deactivating autopickup; reactivate with Ctrl-A.
You completely miss something.
You touch something!
The shadow strikes at you from the darkness!
Reactivating autopickup.
You barely miss the shadow.
You touch the shadow!
The shadow is severely damaged.
The shadow hits you.
You barely miss the shadow.
The shadow is severely damaged.
The shadow misses you.
You hit the shadow. Your punch misses the shadow.
The shadow is severely damaged.
The shadow completely misses you.
You closely miss the shadow.
You touch the shadow!
The shadow is almost destroyed.
The white ugly thing completely misses you.
The white ugly thing attacks as you move away!
The white ugly thing kicks you! The white ugly thing freezes you!!
Casting: Necrotise (safe; 1% risk of failure)
Confirm with . or Enter, or press ? or * to list all spells.
Aiming: Vampiric Draining (safe; 1% risk of failure)
Press: ? - help, Shift-Dir - straight line, f - white ugly thing
Aim: a white ugly thing You draw life force from the white ugly thing!
You feel life coursing into your body. The white ugly thing kicks you.
The white ugly thing freezes you!
* * * LOW HITPOINT WARNING * * *
You focus on the pain.
You feel agile all of a sudden.
Casting: Vampiric Draining (safe; 1% risk of failure)
Confirm with . or Enter, or press ? or * to list all spells.
Aiming: Vampiric Draining (safe; 1% risk of failure)
Press: ? - help, Shift-Dir - straight line, f/p - white ugly thing
Aim: a white ugly thing (lightly wounded)
You draw life force from the white ugly thing!
You feel life coursing into your body. The white ugly thing kicks you!
* * * LOW HITPOINT WARNING * * *
The white ugly thing freezes you!!
You die...
Kikubaaqudgha rasps: "You have failed me!
Welcome... death!"

.........................#.....#.
.........................#.....#.
.........................#.....##
.........................#.......
..>......................#.......
.........................#.......
.........................######..
..............................#..
... .......@u............#.. ###
##################...###
####################......
.....o..........ooW.......
...))............o##...##.
.(................##...#
###########################...#
..........................#...#
......<...)...............#...#


You could see a white ugly thing.

Vanquished Creatures
  A two-headed ogre (D:8)
  Joseph (D:7)
  Maggie (D:6)
  5 yaks (D:8)
  2 steam dragons (D:7)
  2 black bears (D:6)
  A sky beast (D:7)
  An orc warrior (D:9)
  3 ogres
  2 centaurs
  2 kobold brigands
  3 bullfrogs
  5 killer bees (D:9)
  6 howler monkeys
  5 jellies
  7 hounds
  5 orc priests
  A sleepcap (D:6)
  3 iguanas
  5 orc wizards
  7 adders
  A white imp (D:8)
  An ufetubus (D:4)
  2 worms (D:4)
  3 dart slugs
  The ghost of JoeltCo the Grave Robber, a weakling DsNe (D:5)
  40 orcs
  7 endoplasms
  7 giant cockroaches
  14 goblins
  6 hobgoblins
  7 jackals
  4 quokkas
  3 ball pythons
  2 bats (D:1)
  A frilled lizard (D:1)
  13 kobolds
  9 rats
189 creatures vanquished.

Vanquished Creatures (collateral kills)
  2 jackals (D:4)
  A quokka (D:1)
3 creatures vanquished.

Grand Total: 192 creatures vanquished

Notes
Turn   | Place    | Note
-------+----------+-------------------------------------------
     0 | D:1      | PaiMei the Demonspawn Necromancer began the quest for the
                  | Orb.
     0 | D:1      | Reached XP level 1. HP: 13/13 MP: 3/3
     6 | D:1      | Noticed a black mamba
     6 | D:1      | Noticed a wyvern
     6 | D:1      | Noticed a swamp worm
     6 | D:1      | Noticed a scorpion
     6 | D:1      | Noticed a polar bear
   112 | D:1      | Gained mutation: You are partially covered in yellow
                  | scales. (AC +2) [demonic ancestry]
   112 | D:1      | Reached XP level 2. HP: 15/19 MP: 1/5
   492 | D:1      | Reached XP level 3. HP: 23/24 MP: 0/6
  1155 | D:2      | Found a faded altar of an unknown god.
  1173 | D:2      | Got Plato's Papyrus of Forms
  1947 | D:3      | Identified the +1 dagger of Excruciating Pain {protect,
                  | Dex+2 Stlth+}
  2082 | D:3      | Reached XP level 4. HP: 30/30 MP: 2/7
  2567 | D:4      | Reached skill level 5 in Necromancy
  2774 | D:4      | Reached XP level 5. HP: 26/35 MP: 6/9
  3554 | D:5      | Entered Level 5 of the Dungeon
  3565 | D:5      | Gained mutation: You are mostly covered in yellow scales.
                  | (AC +3) [demonic ancestry]
  3565 | D:5      | Reached XP level 6. HP: 41/41 MP: 7/11
  3581 | D:4      | Learned a level 3 spell: Vampiric Draining
  4109 | D:5      | Reached skill level 1 in Fighting
  4327 | D:5      | Reached XP level 7. HP: 49/49 MP: 8/12
  4330 | D:5      | Reached skill level 6 in Necromancy
  4504 | D:5      | Found a sacrificial altar of Ru.
  4534 | D:5      | Found a large runed translucent door.
  4535 | D:5      | Found a large runed translucent door.
  4537 | D:5      | Noticed JoeltCo's ghost (weakling DsNe)
  4574 | D:5      | Found Sajanwukk's Magic Scroll Shoppe.
  4583 | D:5      | Bought a scroll of fog for 56 gold pieces
  4583 | D:5      | Bought a scroll of identify for 28 gold pieces
  5317 | D:5      | Killed JoeltCo's ghost
  5633 | D:6      | Gained mutation: Your touch may inflict minor irresistible
                  | damage on your foes. [demonic ancestry]
  5633 | D:6      | Reached XP level 8. HP: 58/58 MP: 9/14
  6421 | D:6      | Reached skill level 7 in Necromancy
  6575 | D:6      | Reached skill level 5 in Spellcasting
  6715 | D:6      | Noticed Maggie
  6730 | D:6      | Killed Maggie
  6731 | D:6      | Reached skill level 5 in Dodging
  7299 | D:7      | Found a staircase to the Ecumenical Temple.
  7351 | D:7      | Noticed Joseph
  7365 | Temple   | Entered the Ecumenical Temple
  7372 | Temple   | Became a worshipper of Kikubaaqudgha
  7411 | D:7      | Killed Joseph
  7870 | D:7      | Gained mutation: You sometimes gain a little power by
                  | taking damage. [demonic ancestry]
  7870 | D:7      | Reached XP level 9. HP: 67/67 MP: 5/17
  8040 | D:7      | Reached skill level 5 in Fighting
  8040 | D:7      | Reached skill level 8 in Necromancy
  9231 | D:8      | Noticed a two-headed ogre
  9245 | D:8      | Killed a two-headed ogre
  9246 | D:8      | Reached skill level 9 in Necromancy
  9274 | D:8      | Reached XP level 10. HP: 74/77 MP: 3/20
  9279 | D:8      | Reached * piety under Kikubaaqudgha
  9279 | D:8      | Received a gift from Kikubaaqudgha
  9984 | D:8      | Found a runed translucent door.
 10060 | D:8      | Found a staircase to the Lair.
 10300 | D:8      | Found a runed translucent door.
 10587 | D:9      | Found Meuriwor's Gadget Gallery.
 11065 | D:9      | Identified the staff of fire "Wuzout" {rF+ Dex+2}
 11149 | D:9      | Found a shimmering altar of Xom.
 12095 | D:9      | Noticed a white ugly thing
 12130 | D:9      | Demolished by a white ugly thing

Illustrated notes

Levels and vault maps discovered:
D:1:      onia_arrival_zoo_common, layout_basic, minmay_misc_feat_tiny,
          hex_intersection
D:2:      layout_basic, shapermc_ecumenical_altar_rom_forum
D:3:      layout_rooms, minmay_tree_intersection, wad_floor_pattern_2
D:4:      layout_rooms, gup_sewer_entry_spiral, serial_glass, glass_columns_b,
          glass_columns_b, kennysheep_generic_room_6
D:5:      layout_basic, nicolae_ru_path_of_blood, serial_shops, shop,
          ebering_ghost_disaster_area, minmay_misc_feat_doors,
          dreamdust_mushroom_princess, serial_bayou_pond_e, grunt_ministairs_10
D:6:      layout_loops_cross, uniq_maggie
D:7:      layout_loops_corners, minmay_temple_entry_overgrown, uniq_joseph
D:8:      cheibrodos_histonic, layout_loops_ring, lair_entry_dummy,
          enter_bailey_5
D:9:      layout_stronghold, gammafunk_temple_overflow_statue,
          dreamdust_princess_corridor, nicolae_shop_gadgets
Temple:   nicolae_temple_no_exploring_needed

Skill      XL: |  1  2  3  4  5  6  7  8  9 10 |
---------------+-------------------------------+-----
Stealth        | 2 3 |  3.5
Dodging        | 2 3 4 5 6 7 |  7.0
Necromancy     | 5 6 7 9 |  9.4
Spellcasting   | 3 4 5 6 7 |  7.2
Fighting       | 1 3 4 6 |  6.7

Action                     |  1- 3 |  4- 6 |  7- 9 | 10-12 || total
---------------------------+-------+-------+-------+-------++-------
  Melee: Short sword       |    33 |    71 |    22 |     5 ||   131
         Trident           |       |       |    41 |    48 ||    89
         Touch             |       |       |     8 |    11 ||    19
         Punch             |       |       |       |     1 ||     1
   Cast: Necrotise         |    67 |    78 |    95 |    25 ||   265
         Vampiric Draining |       |     7 |    61 |    27 ||    95
 Armour: Robe              |    17 |    15 |    17 |       ||    49
         Steam dragon scal |       |       |    16 |    29 ||    45
  Dodge: Dodged            |    25 |    56 |    72 |    79 ||   232
  Block: Other             |       |    16 |    31 |    26 ||    73
         Reflection        |       |       |     3 |     1 ||     4
